 Dungeon Crawl Stone Soup version 0.29.0-4-gdea44cf6ec (webtiles) character file.

Game seed: 4184080736321013114

112 qw the Sneak (level 4, -5/37 HPs)
             Began as a Ghoul Enchanter on Sept 6, 2022.
             Slain by a gnoll bouda
             ... wielding a +0 club
              (8 damage)
             ... on level 3 of the Dungeon.
             The game lasted 00:01:08 (3646 turns).

qw the Sneak (Ghoul Enchanter)                      Turns: 3646, Time: 00:01:09

Health: -5/37      AC:  5    Str: 13    XL:     4   Next: 93%
Magic:  5/5        EV: 10    Int: 10    God:
Gold:   137        SH:  0    Dex:  9    Spells: 6/6 levels left

rFire   . . .      SeeInvis .   Y - +0 war axe
rCold   + . .      Faith    .   (no shield)
rNeg    + + +      Spirit   .   l - +0 ring mail
rPois   inf        Reflect  .   (no helmet)
rElec   .          Harm     .   (no cloak)
rCorr   .          Rampage  .   (no gloves)
Will    .....                   (no boots)
Stlth   +.........              (no amulet)
HPRegen 0.00/turn               (no ring)
MPRegen 0.09/turn               (no ring)

@: about to teleport, inhibited regen
A: claws 1, cold resistance 1, negative energy resistance 3, inhibited
regeneration, torment resistance 2, devour on kill
a: no special abilities


You were on level 3 of the Dungeon.
You visited 1 branch of the dungeon, and saw 3 of its levels.

You collected 137 gold pieces.


Innate Abilities, Weirdness & Mutations

You are immune to poison.
You have sharp fingernails.
Your flesh is cold resistant. (rC+)
You are immune to negative energy. (rN+++)
You do not regenerate when monsters are visible.
You are immune to unholy pain and torment.
You thrive by killing the living.


   Skills:
 - Level 2.9 Fighting
 - Level 0.8 Short Blades
 + Level 3.0 Axes
 - Level 1.7 Dodging
 - Level 3.2 Stealth
 - Level 1.7 Spellcasting
 - Level 2.4 Hexes


You had 6 spell levels left.
You didn't know any spells.
Your spell library contained the following spells:

 Spells                   Type           Power      Damage    Failure   Level
 Ensorcelled Hibernation  Hex/Ice        6%         N/A       54%         2
 Confusing Touch          Hex            5%         N/A       61%         3
 Tukima's Dance           Hex            5%         N/A       61%         3
 Dazzling Flash           Conj/Hex       6%         N/A       78%         3

Inventory:

Hand Weapons
 k - a +0 whip
 Y - a +0 war axe (weapon)
Missiles
 i - a boomerang (quivered)
Armour
 l - a +0 ring mail (worn)
Scrolls
 a - a scroll of noise {unknown}
 b - 2 scrolls of identify
Potions
 e - 2 potions of curing
 g - a potion of berserk rage {unknown}
 h - a potion of might

Dungeon Overview and Level Annotations

Branches:
Dungeon (3/15)

Altars:

Annotations:
D:3 Grinder


Message History

You start resting.
HP restored.
b - 2 scrolls of identify (gained 1)
There is a stone staircase leading up here.
Found a stone staircase leading up.
a - a scroll labelled DYENTO RUNENT You now have 137 gold pieces (gained 15).
Grinder comes into view.
Found an escape hatch in the ceiling.
3598 ||| Stepping ~*~*~tactically~*~*~ (hiding).
You start waiting.
A gnoll bouda comes into view. It is wielding a +0 club.
The gnoll bouda shouts!
A gnoll comes into view. It is wielding a +0 club.
The gnoll bouda barks out a call to the hunt!
The gnoll picks up the pace!
The gnoll shouts!
A gnoll comes into view. It is wielding a +0 spear.
The gnoll shouts!
You hear a shout!
You hit the gnoll.
The gnoll is moderately wounded.
The gnoll hits you with a +0 club.
You hit the gnoll.
The gnoll is heavily wounded.
You barely miss the gnoll bouda. The gnoll hits you with a +0 club.
The gnoll hits you from afar with a +0 spear!
The gnoll bouda hits you with a +0 club.
You slash the gnoll!
You kill the gnoll!
You hit the gnoll bouda but do no damage.
The gnoll hits you from afar with a +0 spear.
The gnoll bouda hits you with a +0 club!
The gnoll hits you from afar with a +0 spear.
Your Axes skill increases to level 3!
3646 ||| READING scroll of teleportation.
As you read the scroll of teleportation, it crumbles to dust.
You feel strangely unstable.
The gnoll bouda hits you with a +0 club!
You die...

#. .####
.#####.###.....
...........5...
..<............
#..# ##5# #.# .#
#.##.# ##@##.#
#.g)#.###
###...g...#
#.........###.#
#......<......
#.........##
###.......#
#...#.###
#####.###########


You could see Grinder, a gnoll bouda and a gnoll (swift).

Vanquished Creatures
  Natasha (twice) (D:2)
  A gnoll (D:3)
  2 adders (D:2)
  4 bats (D:1)
  2 endoplasms (D:1)
  3 goblins
  2 hobgoblins
  4 jackals (D:1)
  5 kobolds
  3 quokkas (D:1)
  8 ball pythons
  A frilled lizard (D:1)
  2 rats
39 creatures vanquished.

Vanquished Creatures (others)
  11 plants (D:3)
11 creatures vanquished.

Grand Total: 50 creatures vanquished

Notes
Turn   | Place    | Note
-------+----------+-------------------------------------------
     0 | D:1      | qw the Ghoul Enchanter began the quest for the Orb.
     0 | D:1      | Reached XP level 1. HP: 14/14 MP: 2/2
     0 | D:1      | 0 ||| qw: Version: 0.1-a-107-g9ff403c
     0 | D:1      | 0 ||| qw: Game counter: 6082
     0 | D:1      | 0 ||| qw: Always use a shield: true
     0 | D:1      | 0 ||| qw: God list: Okawaru
     0 | D:1      | 0 ||| qw: Allow faded altars: false
     0 | D:1      | 0 ||| qw: Do Orc after D:15 true
     0 | D:1      | 0 ||| qw: Do second Lair branch before Depths: true
     0 | D:1      | 0 ||| qw: Lair rune preference: random
     0 | D:1      | 0 ||| qw: Plans: Normal
     0 | D:1      | 0 ||| PLANNING D:1-11
   386 | D:1      | 386 ||| Stepping ~*~*~tactically~*~*~ (stealth).
   389 | D:1      | 389 ||| Stepping ~*~*~tactically~*~*~ (outnumbered).
   390 | D:1      | 390 ||| Stepping ~*~*~tactically~*~*~ (outnumbered).
   391 | D:1      | 391 ||| Stepping ~*~*~tactically~*~*~ (outnumbered).
   392 | D:1      | 392 ||| Stepping ~*~*~tactically~*~*~ (outnumbered).
   393 | D:1      | 393 ||| Stepping ~*~*~tactically~*~*~ (outnumbered).
   394 | D:1      | 394 ||| Stepping ~*~*~tactically~*~*~ (outnumbered).
   395 | D:1      | 395 ||| Stepping ~*~*~tactically~*~*~ (outnumbered).
   396 | D:1      | 396 ||| Stepping ~*~*~tactically~*~*~ (outnumbered).
   397 | D:1      | 397 ||| Stepping ~*~*~tactically~*~*~ (outnumbered).
   398 | D:1      | 398 ||| Stepping ~*~*~tactically~*~*~ (outnumbered).
   399 | D:1      | 399 ||| Stepping ~*~*~tactically~*~*~ (outnumbered).
   400 | D:1      | 400 ||| Stepping ~*~*~tactically~*~*~ (outnumbered).
   401 | D:1      | 401 ||| Stepping ~*~*~tactically~*~*~ (outnumbered).
   404 | D:1      | 404 ||| Stepping ~*~*~tactically~*~*~ (outnumbered).
   415 | D:1      | Reached skill level 1 in Axes
   566 | D:1      | 566 ||| SWAPPING to +0 short sword.
   567 | D:1      | 567 ||| DROPPING +1 dagger.
   594 | D:1      | Reached XP level 2. HP: 19/22 MP: 3/3
   652 | D:1      | 652 ||| Stepping ~*~*~tactically~*~*~ (stealth).
   655 | D:1      | Reached skill level 1 in Fighting
   704 | D:1      | 704 ||| Stepping ~*~*~tactically~*~*~ (stealth).
   706 | D:1      | 706 ||| Stepping ~*~*~tactically~*~*~ (stealth).
   724 | D:1      | 724 ||| Stepping ~*~*~tactically~*~*~ (stealth).
   726 | D:1      | 726 ||| Stepping ~*~*~tactically~*~*~ (stealth).
   728 | D:1      | 728 ||| Stepping ~*~*~tactically~*~*~ (stealth).
   730 | D:1      | 730 ||| Stepping ~*~*~tactically~*~*~ (stealth).
   732 | D:1      | 732 ||| Stepping ~*~*~tactically~*~*~ (stealth).
   794 | D:1      | HP: 4/23 [quokka (4)]
   795 | D:1      | HP: 1/23 [quokka (2)]
  1582 | D:1      | 1582 ||| Stepping ~*~*~tactically~*~*~ (stealth).
  1587 | D:1      | 1587 ||| Stepping ~*~*~tactically~*~*~ (stealth).
  1599 | D:1      | 1599 ||| SWAPPING to +3 short sword.
  1600 | D:1      | 1600 ||| DROPPING +0 short sword.
  1616 | D:1      | 1616 ||| Stepping ~*~*~tactically~*~*~ (stealth).
  1625 | D:1      | Reached XP level 3. HP: 28/28 MP: 4/4
  1950 | D:1      | 1950 ||| UPGRADING to +0 leather armour.
  1960 | D:1      | 1960 ||| DROPPING +0 robe.
  1961 | D:1      | 1961 ||| READING scroll labelled VEXTARR KATSAA.
  1962 | D:1      | 1962 ||| READING scroll labelled AQOSAGI YTRUNG.
  1966 | D:1      | 1966 ||| READING scroll labelled FUSELI XONG.
  1967 | D:1      | 1967 ||| READING scroll labelled SOLUXE GOISTI.
  1968 | D:1      | 1968 ||| DRINKING 2 fizzy brown potions.
  1969 | D:1      | 1969 ||| DROPPING 2 potions of invisibility.
  1990 | D:2      | Noticed Natasha
  1991 | D:2      | 1991 ||| Stepping ~*~*~tactically~*~*~ (hiding).
  2093 | D:2      | 2093 ||| Stepping ~*~*~tactically~*~*~ (hiding).
  2195 | D:2      | 2195 ||| Stepping ~*~*~tactically~*~*~ (hiding).
  2305 | D:2      | Killed Natasha
  2306 | D:2      | Reached XP level 4. HP: 23/37 MP: 5/5
  2564 | D:2      | 2564 ||| SWAPPING to +0 war axe.
  2565 | D:2      | 2565 ||| DROPPING +3 short sword.
  2717 | D:2      | Found a faded altar of an unknown god.
  2896 | D:2      | 2896 ||| DROPPING +0 club.
  2957 | D:2      | Noticed Natasha
  2958 | D:2      | 2958 ||| Stepping ~*~*~tactically~*~*~ (stealth).
  2959 | D:2      | 2959 ||| Stepping ~*~*~tactically~*~*~ (stealth).
  2963 | D:2      | 2963 ||| Stepping ~*~*~tactically~*~*~ (stealth).
  2965 | D:2      | 2965 ||| Stepping ~*~*~tactically~*~*~ (stealth).
  2976 | D:2      | Killed Natasha
  3487 | D:2      | 3487 ||| UPGRADING to +0 ring mail.
  3497 | D:2      | 3497 ||| DROPPING +0 leather armour.
  3498 | D:2      | 3498 ||| READING scroll labelled BATIMU LUGUAG.
  3499 | D:2      | 3499 ||| READING scroll labelled QYC UTYOK WOOG.
  3500 | D:2      | 3500 ||| DRINKING 3 red potions.
  3534 | D:3      | 3534 ||| STAIRDANCE
  3597 | D:3      | Noticed Grinder
  3598 | D:3      | 3598 ||| Stepping ~*~*~tactically~*~*~ (hiding).
  3645 | D:3      | HP: 6/37 [gnoll bouda/+0 club (10)]
  3646 | D:3      | Reached skill level 3 in Axes
  3646 | D:3      | 3646 ||| READING scroll of teleportation.
  3646 | D:3      | Slain by a gnoll bouda

Levels and vault maps discovered:
D:1:      mainiacjoe_arrival_reflecting_pool, layout_loops_ring,
          minmay_distorted
D:2:      layout_basic, chequers_ecumenical_altar_simple_redux,
          hangedman_decor_growths, uniq_natasha
D:3:      layout_loops_ring, nicolae_grassy_gnolls, uniq_grinder, uniq_jessica,
          uniq_ijyb

Skill      XL: |  1  2  3  4 |
---------------+-------------+-----
Axes           | 1 2 3 |  3.0
Fighting       | 1 2 |  2.9
Short Blades   | |  0.8
Dodging        | |  1.7
Stealth        | |  3.2
Spellcasting   | |  1.7
Hexes          | |  2.4

Action                   |  1- 3 |  4- 6 || total
-------------------------+-------+-------++-------
Melee: Dagger            |    33 |       ||    33
       Short sword       |   113 |       ||   113
       Punch             |     1 |       ||     1
       War axe           |       |    31 ||    31
Throw: Boomerang         |     8 |    14 ||    22
  Use: Scroll            |     4 |     3 ||     7
       Potion            |     1 |     1 ||     2
 Stab: Distracted        |     1 |       ||     1
       Sleeping          |     1 |       ||     1
Armor: Robe              |    19 |       ||    19
       Leather armour    |     1 |     3 ||     4
       Ring mail         |       |     6 ||     6
Dodge: Dodged            |   100 |    19 ||   119

Table legend:
 A = Non-vault XP
 B = Vault XP
 C = Vault XP percentage of total XP
 D = Non-vault monster count
 E = Vault monster count
 F = Vault count percentage of total count
                 A         B        C        D         E       F
            +---------+---------+-------+---------+---------+-------
      Total |     107 |      53 |  33.1 |      34 |       5 |  12.8
            +---------+---------+-------+---------+---------+-------
        D:1 |      36 |       3 |   7.7 |      22 |       3 |  12.0
        D:2 |      70 |      35 |  33.3 |      11 |       1 |   8.3
        D:3 |       1 |      15 |  93.8 |       1 |       1 |  50.0
            +---------+---------+-------+---------+---------+-------
